 Dungeon Crawl Stone Soup version 0.17-a0-1708-gbd78d88 (console) character file.

131 Monkaria the Scratcher (level 4, 0/21 HPs)
             Began as a Felid Berserker on Aug 22, 2015.
             Was a Priest of Trog.
             Slain by a worker ant (5 damage)
             ... on level 4 of the Dungeon.
             The game lasted 00:04:54 (4073 turns).

Monkaria the Scratcher (Felid Berserker)            Turns: 4073, Time: 00:04:55

Health: 0/21       AC:  1    Str: 14    XL:     4   Next: 91%
Magic:  5/5        EV: 19    Int:  8    God:    Trog [***...]
Gold:   166        SH:  0    Dex: 16    Spells: 0 memorised, 3 levels left
                                        Lives:  0   Deaths: 1

rFire  . . .     SeeInvis +       - Unarmed
rCold  . . .     Clarity  .     (armour unavailable)
rNeg   . . .     SustAt   .     (shield unavailable)
rPois  .         Gourm    .     (helmet unavailable)
rElec  .         Spirit   .     (cloak unavailable)
rCorr  .         Warding  .     (gloves unavailable)
rMut   .         Stasis   .     (boots unavailable)
MR     ++...                    y - amulet of rage
Stlth  +++.......               (no ring)
                                (no ring)

@: lethally poisoned (0 -> 0), exhausted, regenerating, slowed, slow, very
resistant to hostile enchantments, fairly stealthy
A: no armour, no weapons or thrown items, claws 1, fangs 3, see invisible,
carnivore 3, speed 1, shaggy fur 1, slow metabolism 1, sharp paws
a: Burn Spellbooks, Berserk, Trog's Hand, Renounce Religion, Evoke Berserk Rage


You were on level 4 of the Dungeon.
You worshipped Trog.
Trog was most pleased with you.
You were not hungry.

You visited 1 branch of the dungeon, and saw 4 of its levels.

You collected 166 gold pieces.

Inventory:

Jewellery
 w - an uncursed ring of teleportation
 y - an amulet of rage (around neck)
Scrolls
 c - a scroll of fog {unknown}
 d - a scroll of fear {unknown}
 e - 3 scrolls of identify
 g - 3 scrolls of remove curse
 j - 2 scrolls of enchant weapon {unknown}
 k - 2 scrolls of amnesia {unknown}
 m - 2 scrolls of magic mapping {unknown}
 q - a scroll of recharging {unknown}
 r - a scroll of blinking {unknown}
 s - a scroll of teleportation {unknown}
 x - a scroll of enchant armour {unknown}
Potions
 f - 2 potions of invisibility
 h - a potion of agility
 i - 3 potions of haste
 l - 2 potions of might
 n - a potion of mutation
 o - a potion of cancellation
 p - a potion of ambrosia
 t - a potion of curing
Comestibles
 a - 5 meat rations
 b - 2 beef jerkies
 v - a slice of pizza


   Skills:
 - Level 3.0 Fighting
 - Level 4.0 Dodging
 + Level 3.3 Stealth
 - Level 6.1 Unarmed Combat


You had 3 spell levels left.
You didn't know any spells.

Dungeon Overview and Level Annotations

Branches:
Dungeon (4/15)
 Temple: D:4-7

Altars:
Gozag
Kikubaaqudgha
Nemelex Xobeh
The Shining One

Shops:
D:4 [


Innate Abilities, Weirdness & Mutations

You cannot wear armour.
You are incapable of wielding weapons or throwing items.
You have sharp claws.
You have razor-sharp teeth.
You have supernaturally acute eyesight.
You are carnivorous and can eat meat at any time.
You cover ground quickly.
You are covered in fur (AC +1).
You have a slow metabolism.
Your sharp claws are effective at attacking unaware monsters.


Message History

You closely miss the worker ant.
You bite the worker ant, but do no damage.
* * * LOW HITPOINT WARNING * * *
You feel sick. The worker ant barely misses you.
The worker ant barely misses you.
You scratch the worker ant.
The worker ant is lightly wounded.
The goblin shoots a stone.
The stone closely misses you. The worker ant closely misses you.
Unknown command.
Use which ability? (? or * to list)
Your skin crawls.
You feel resistant to hostile enchantments.
You feel slightly more hungry.
You feel sick. The worker ant closely misses you.
The goblin shoots a stone.
The stone misses you. The worker ant misses you.
The goblin shoots a stone.
The stone hits you.
* * * LOW HITPOINT WARNING * * *
You feel sick. The worker ant bites you.
You die...

#. #### . #. #... .##.#
#...### #### ....)## #
#..#.##..(# #...######
##...#..# #........
###...gg#.# #.......
###.#..$#a..# ##..####.
..###...†g###.@.# #...# #.
.........####...## ##..##
## #................#
#...# #
##...............#####...#
##....)†)......(..##....##
#
#....######†♣...........##
## #..###
#()......##....###. #...
#♣∩♣...######...... ...
#.....# ##.....


You could see a worker ant, a hobgoblin and a goblin.

Vanquished Creatures
  Crazy Yiuf (D:2)
  Natasha (D:3)
  2 iguanas (D:4)
  Robin (D:4)
  2 adders
  2 oozes
  An adder skeleton (D:4)
  4 worms
  A giant gecko (D:1)
  3 orcs
  2 giant cockroaches
  18 goblins
  12 hobgoblins
  9 jackals
  A quokka (D:4)
  2 ball pythons
  7 bats
  A giant newt (D:1)
  6 kobolds
  9 rats
85 creatures vanquished.

Notes
Turn   | Place    | Note
--------------------------------------------------------------
     0 | D:1      | Monkaria the Felid Berserker began the quest for the Orb.
     0 | D:1      | Reached XP level 1. HP: 10/10 MP: 2/2
   390 | D:1      | Reached XP level 2. HP: 14/14 MP: 3/3
   908 | D:1      | Acquired Trog's second power
  1284 | D:1      | Reached XP level 3. HP: 17/17 MP: 4/4
  1721 | D:2      | Found a glowing golden altar of the Shining One.
  1724 | D:2      | Found an ancient bone altar of Kikubaaqudgha.
  1748 | D:2      | HP: 1/25 [jackal (3)]
  2072 | D:2      | Noticed Crazy Yiuf
  2242 | D:2      | Killed Crazy Yiuf
  2242 | D:2      | Reached skill level 5 in Unarmed Combat
  2242 | D:2      | Reached XP level 4. HP: 21/21 MP: 5/5
  2384 | D:2      | Found an opulent altar of Gozag.
  2386 | D:2      | Found a sparkling altar of Nemelex Xobeh.
  2873 | D:2      | You fall through a shaft!
  3197 | D:3      | Noticed Natasha
  3207 | D:3      | Killed Natasha
  3207 | D:3      | Reached XP level 5. HP: 13/24 MP: 6/6
  3827 | D:4      | Reached skill level 6 in Unarmed Combat
  3906 | D:4      | Reached skill level 1 in Stealth
  3975 | D:4      | Found Fegaufu's Armour Shop.
  3988 | D:4      | Noticed Robin
  4000 | D:4      | HP: 1/36 [Robin/goblin (2)]
  4001 | D:4      | Slain by a goblin
  4002 | D:4      | Reached XP level 4. HP: 0/31 MP: 5/5
  4045 | D:4      | Killed Robin
  4073 | D:4      | Slain by a worker ant

Vault maps used:
D:1:      minmay_arrival_up_and_down, nrook_loot_triangle
D:2:      nicolae_overflow_hidden_temple, corexii_leaking_fountain,
          minmay_misc_feat_cross, uniq_crazy_yiuf_cottage
D:3:      first_bread, minmay_box_of_dots, uniq_natasha
D:4:      black_bear_nest_2, lemuel_crystal_altar, serial_shops,
          nicolae_shop_trees, uniq_robin

Action                   |  1- 3 |  4- 6 || total
-------------------------+-------+-------++-------
Melee: Unarmed           |   135 |   107 ||   242
Invok: Berserk           |     6 |     4 ||    10
       Trog's Hand       |     1 |     4 ||     5
  Use: Scroll            |       |     7 ||     7
 Stab: Sleeping          |     2 |     7 ||     9
       Distracted        |     1 |       ||     1
  Eat: Chunk             |    15 |     5 ||    20
